AoeStats
← MALTA CON CANELITA

Yucatan

511068795Analyzed
2v2 RM · 6h ago on Oct 3, 2026· 50m 6s· 4 players
Game mode
Random Map
Map size
Medium (4 player)
Population
200
Speed
Normal
Resources
Standard
Victory
Conquest
Starting age
Dark Age
Ending age
Imperial Age
RankedLock teamsTeams togetherTeam positionsShared explorationLock speedFull tech treeHidden civsTurbo modeCheats
Victory
Defeat
🇫🇷 Mongols · France
1162
+14
🇫🇷 Celts · France
1137
+15
🇨🇴 Mapuche · Colombia
1216
-18
🇨🇴 Mongols · Colombia
1018
-11
MALTA CON CANELITA
5:56 Loom
9:16 Feudal Age
9:28 Champi Runner
10:47 Forging
18:42 Wheelbarrow
18:08 Horse Collar
21:06 Double-Bit Axe
21:22 Fletching
26:37 Castle Age
26:43 Pikeman
27:02 Champi Warrior
29:44 Iron Casting
30:13 Scale Mail Armor
33:34 Bow Saw
34:55 Hand Cart
35:24 Heavy Plow
36:31 Stone Mining
37:04 Chain Mail Armor
43:04 Imperial Age
40:22 Town Watch
41:10 Elite Skirmisher
42:25 Bodkin Arrow
43:10 Ballistics
43:14 Elite Champi Warrior
45:31 Chemistry
45:32 Conscription
PILDORO
5:04 Loom
10:22 Feudal Age
20:39 Castle Age
21:25 Forging
21:38 Double-Bit Axe
21:36 Horse Collar
26:04 Man-at-Arms
29:16 Wheelbarrow
29:40 Gold Mining
32:05 Stone Mining
34:59 Imperial Age
33:24 Bow Saw
33:17 Heavy Plow
33:11 Stone Mining
33:58 Gold Shaft Mining
33:17 Fletching
33:27 Padded Archer Armor
34:20 Thumb Ring
34:53 Bodkin Arrow
37:02 Parthian Tactics
35:59 Elite Skirmisher
37:02 Leather Archer Armor
37:10 Nomads
37:54 Hand Cart
41:11 Iron Casting
40:38 Bracer
41:04 Ballistics
45:03 Crossbowman
46:28 Arbalester
48:22 Chemistry
NoRush40.|.Bequeath14
7:28 Loom
8:09 Loom
11:31 Feudal Age
12:26 Double-Bit Axe
14:19 Fletching
14:29 Padded Archer Armor
14:35 Scale Barding Armor
14:41 Forging
18:15 Horse Collar
21:14 Wheelbarrow
20:43 Gold Mining
24:14 Castle Age
22:52 Town Watch
23:34 Stone Mining
25:18 Bow Saw
24:40 Crossbowman
28:00 Heavy Plow
28:38 Gold Shaft Mining
29:44 Ballistics
33:06 Bodkin Arrow
33:41 Hand Cart
34:05 Leather Archer Armor
38:44 Imperial Age
36:45 Chain Barding Armor
37:08 Husbandry
37:32 Bloodlines
38:26 Town Patrol
39:02 Iron Casting
38:27 Murder Holes
39:27 Bracer
39:55 Parthian Tactics
39:39 Thumb Ring
40:59 Chemistry
40:48 Conscription
41:02 Elite Mangudai
43:02 Blast Furnace
42:14 Masonry
43:04 Siege Engineers
43:27 Drill
43:48 Onager
45:22 Siege Onager
Punul
11:52 Feudal Age
15:36 Castle Age
15:52 Fletching
15:51 Horse Collar
15:57 Double-Bit Axe
16:41 Scale Mail Armor
22:20 Bow Saw
22:41 Pikeman
25:07 Town Watch
25:14 Loom
26:34 Wheelbarrow
26:07 Town Patrol
28:49 Forging
28:47 Heavy Plow
31:09 Fletching
35:00 Imperial Age
34:43 Ballistics
34:39 Chain Mail Armor
34:13 Arson
35:31 Gold Mining
35:31 Stone Mining
35:14 Capped Ram
35:22 Capped Ram
35:58 Halberdier
37:33 Gold Shaft Mining
37:41 Hand Cart
38:14 Plate Mail Armor
38:01 Masonry
38:00 Siege Ram
39:46 Iron Casting
39:07 Bodkin Arrow
41:28 Conscription
41:20 Elite Woad Raider
42:23 Conscription
43:04 Blast Furnace
43:03 Onager
47:17 Chemistry
46:10 Guard Tower
47:24 Chemistry
45:48 Siege Onager
48:38 Siege Engineers
49:45 Guard Tower
Connection lost

Rejoining the realm…

Still unreachable

The connection could not be restored.

Session expired

The server has moved on; the page needs a fresh start.